[ AOE2 MATCH · #471838147 ]
UnrankedPersians vs Chinese
[ REPLAY ANALYSIS · EXTRACTED FROM THE RECORDED GAME ]
Feudal
17:37
Castle
27:48
Imperial
—
| APM avg | 12.6 |
| APM peak | 26 |
| eAPM avg | 11.1 |
| Villagers / military | 150 / 143 |
Focus
⚔️ 30.0% · 🌾 70.0%
Militia ×73 · Skirmisher ×31 · Archer ×29 · War Elephant ×7 · Petard ×3
Feudal
11:37
Castle
25:42
Imperial
32:12
| APM avg | 10.5 |
| APM peak | 19 |
| eAPM avg | 8.9 |
| Villagers / military | 80 / 53 |
Focus
⚔️ 28.4% · 🌾 71.6%
Teutonic Knight ×35 · Fishing Ship ×14 · Bombard Cannon ×12 · Trebuchet (Packed) ×5 · Monk ×1
Feudal
—
Castle
—
Imperial
—
| APM avg | 12.5 |
| APM peak | 38 |
| eAPM avg | 10.7 |
| Villagers / military | 90 / 83 |
Focus
⚔️ 18.9% · 🌾 81.1%
Chu Ko Nu ×40 · Archer ×19 · Spearman ×15 · Iron Pagoda ×7 · Trebuchet (Packed) ×2
Feudal
—
Castle
—
Imperial
—
| APM avg | 31.5 |
| APM peak | 60 |
| eAPM avg | 23.7 |
| Villagers / military | 158 / 105 |
Focus
⚔️ 40.7% · 🌾 59.3%
Camel Scout ×80 · Spearman ×10 · Monk ×5 · Archer ×5 · Trebuchet (Packed) ×4 · Bombard Cannon ×1
Match map
Initial resources + every placement click. Lines = walls · curves = elevation contours. ◆ gold · ⬟ stone · ● berries · ✦ relic · ◌ wall gap
Inputs per minute
— Denisov - - gambier.nicolas2004
Build order — Denisov
First 150 of 252 actions detected
| 0:01 | Create | Villager (Male) |
| 0:01 | Create | Villager (Male) |
| 0:01 | Create | Villager (Male) |
| 0:01 | Create | Villager (Male) |
| 0:02 | Create | Villager (Male) |
| 0:02 | Create | Villager (Male) |
| 0:06 | Build | House |
| 0:33 | Build | House |
| 1:38 | Create | Villager (Male) |
| 2:41 | Build | Lumber Camp |
| 3:48 | Create | Villager (Male) |
| 3:49 | Create | Villager (Male) |
| 3:49 | Create | Villager (Male) |
| 3:49 | Create | Villager (Male) |
| 4:18 | Build | Palisade Wall |
| 4:28 | Create | Villager (Male) |
| 4:29 | Create | Villager (Male) |
| 6:11 | Create | Villager (Male) |
| 6:12 | Create | Villager (Male) |
| 7:30 | Build | Mill |
| 7:42 | Create | Villager (Male) |
| 7:42 | Create | Villager (Male) |
| 7:42 | Create | Villager (Male) |
| 8:12 | Create | Villager (Male) |
| 8:12 | Create | Villager (Male) |
| 8:35 | Build | House |
| 9:06 | Create | Villager (Male) |
| 9:06 | Create | Villager (Male) |
| 9:16 | Build | Barracks |
| 9:25 | Build | House |
| 9:44 | Create | Villager (Male) |
| 9:56 | Build | House |
| 10:16 | Create | Militia |
| 10:16 | Create | Militia |
| 10:42 | Create | Militia |
| 10:43 | Create | Militia |
| 11:14 | Create | Villager (Male) |
| 11:15 | Create | Villager (Male) |
| 11:19 | Create | Villager (Male) |
| 11:19 | Create | Villager (Male) |
| 11:32 | Create | Militia |
| 11:58 | Create | Militia |
| 12:23 | Create | Villager (Male) |
| 12:57 | Create | Villager (Male) |
| 13:21 | Build | Outpost |
| 14:24 | Create | Villager (Male) |
| 14:24 | Create | Villager (Male) |
| 14:34 | Build | House |
| 14:48 | Build | Mining Camp |
| 15:17 | Research | Feudal Age |
| 15:29 | Build | Mining Camp |
| 16:09 | Create | Villager (Male) |
| 16:09 | Create | Villager (Male) |
| 16:09 | Create | Villager (Male) |
| 16:56 | Build | Mining Camp |
| 17:17 | Create | Villager (Male) |
| 17:18 | Create | Villager (Male) |
| 17:37 | Age | Feudal Age |
| 17:38 | Research | Horse Collar |
| 17:42 | Research | Double-Bit Axe |
| 17:52 | Research | Gold Mining |
| 18:05 | Build | Farm |
| 18:07 | Build | Farm |
| 18:09 | Build | Farm |
| 18:17 | Build | Farm |
| 18:25 | Build | Farm |
| 18:26 | Build | Farm |
| 18:27 | Build | Farm |
| 18:29 | Build | Farm |
| 18:30 | Build | Farm |
| 18:32 | Build | Farm |
| 18:33 | Build | Farm |
| 18:37 | Build | Farm |
| 18:39 | Build | Farm |
| 18:41 | Build | Farm |
| 18:43 | Build | Farm |
| 18:47 | Build | Farm |
| 18:48 | Build | Farm |
| 18:50 | Build | Farm |
| 18:53 | Build | Farm |
| 18:59 | Create | Villager (Male) ×3 |
| 19:30 | Create | Villager (Male) |
| 19:58 | Build | House |
| 19:59 | Build | House |
| 20:01 | Build | House |
| 20:03 | Build | House |
| 20:05 | Build | House |
| 20:06 | Build | House |
| 20:07 | Build | House |
| 20:24 | Create | Villager (Male) |
| 20:27 | Research | Wheelbarrow |
| 21:02 | Create | Villager (Male) |
| 21:03 | Create | Villager (Male) |
| 21:06 | Create | Villager (Male) |
| 21:40 | Create | Villager (Male) |
| 21:41 | Create | Villager (Male) |
| 22:15 | Create | Villager (Male) |
| 22:45 | Create | Villager (Male) |
| 22:45 | Create | Villager (Male) |
| 23:20 | Build | Archery Range |
| 23:23 | Build | Archery Range |
| 23:24 | Build | Archery Range |
| 23:33 | Build | Blacksmith |
| 23:48 | Create | Villager (Male) |
| 24:00 | Build | Farm |
| 24:01 | Build | Farm |
| 24:03 | Build | Farm |
| 24:04 | Build | Farm |
| 24:06 | Build | Farm |
| 24:07 | Build | Farm |
| 24:08 | Build | Farm |
| 24:49 | Build | Farm |
| 24:49 | Build | Farm |
| 24:50 | Build | Farm |
| 24:50 | Build | Farm |
| 24:51 | Build | Farm |
| 24:55 | Create | Villager (Male) |
| 25:10 | Research | Castle Age |
| 25:12 | Create | Villager (Male) ×4 |
| 25:31 | Build | Mining Camp |
| 25:52 | Build | Mining Camp |
| 26:12 | Create | Villager (Male) |
| 26:17 | Create | Skirmisher |
| 27:12 | Create | Militia ×5 |
| 27:12 | Create | Militia ×5 |
| 27:12 | Create | Militia ×5 |
| 27:13 | Create | Militia ×5 |
| 27:38 | Build | Barracks |
| 27:39 | Build | Barracks |
| 27:39 | Build | Barracks |
| 27:40 | Build | Barracks |
| 27:41 | Build | Barracks |
| 27:41 | Build | Barracks |
| 27:41 | Build | Barracks |
| 27:42 | Build | Barracks |
| 27:42 | Build | Barracks |
| 27:42 | Build | Barracks |
| 27:43 | Build | Barracks |
| 27:43 | Build | Barracks |
| 27:43 | Build | Barracks |
| 27:44 | Build | Barracks |
| 27:46 | Build | Barracks |
| 27:48 | Age | Castle Age |
| 28:10 | Research | Bow Saw |
| 28:19 | Create | Villager (Male) ×5 |
| 28:26 | Research | Man-at-Arms (upgrade) |
| 28:28 | Create | Militia ×2 |
| 29:02 | Research | Hand Cart |
| 29:03 | Create | Villager (Male) |
| 29:21 | Create | Villager (Male) ×5 |
Build order — gambier.nicolas2004
First 150 of 259 actions detected
| 0:11 | Build | House |
| 0:17 | Build | House |
| 0:20 | Create | Villager (Male) |
| 0:20 | Create | Villager (Male) |
| 0:20 | Create | Villager (Male) |
| 0:21 | Create | Villager (Male) |
| 0:58 | Research | Loom |
| 1:13 | Build | House |
| 1:17 | Build | House |
| 1:21 | Create | Villager (Male) |
| 2:14 | Build | Palisade Wall |
| 2:51 | Build | Palisade Wall |
| 3:02 | Create | Villager (Male) |
| 3:02 | Create | Villager (Male) |
| 3:37 | Create | Villager (Male) |
| 4:08 | Create | Villager (Male) |
| 4:26 | Build | Mill |
| 4:59 | Create | Villager (Male) |
| 4:59 | Create | Villager (Male) |
| 6:02 | Build | Mining Camp |
| 6:09 | Create | Villager (Male) |
| 6:10 | Create | Villager (Male) |
| 6:10 | Create | Villager (Male) |
| 6:12 | Create | Villager (Male) |
| 7:05 | Create | Villager (Male) |
| 7:05 | Create | Villager (Male) |
| 7:11 | Create | Villager (Male) |
| 7:38 | Create | Villager (Male) |
| 8:32 | Build | Lumber Camp |
| 8:56 | Build | House |
| 9:27 | Research | Feudal Age |
| 9:35 | Build | House |
| 10:10 | Build | House |
| 10:13 | Build | House |
| 10:18 | Create | Villager (Male) |
| 10:18 | Create | Villager (Male) |
| 10:18 | Create | Villager (Male) |
| 10:19 | Create | Villager (Male) |
| 10:19 | Create | Villager (Male) |
| 11:09 | Build | Dock |
| 11:31 | Build | Mining Camp |
| 11:35 | Create | Villager (Male) |
| 11:37 | Age | Feudal Age |
| 11:49 | Build | Stone Wall |
| 12:02 | Create | Fishing Ship |
| 12:03 | Create | Fishing Ship |
| 12:10 | Create | Villager (Male) |
| 12:26 | Research | Horse Collar |
| 12:48 | Create | Villager (Male) |
| 12:53 | Research | Double-Bit Axe |
| 13:03 | Create | Fishing Ship |
| 13:20 | Build | Mining Camp |
| 13:28 | Create | Villager (Male) |
| 13:55 | Build | Fish Trap |
| 14:26 | Create | Villager (Male) |
| 14:57 | Build | Stone Wall |
| 15:03 | Build | Stone Wall |
| 15:27 | Build | Fish Trap |
| 15:32 | Create | Fishing Ship |
| 15:33 | Create | Fishing Ship |
| 16:02 | Build | Fish Trap |
| 16:07 | Create | Fishing Ship |
| 16:10 | Create | Villager (Male) |
| 16:11 | Create | Villager (Male) |
| 16:11 | Create | Villager (Male) |
| 16:11 | Create | Villager (Male) |
| 16:13 | Create | Villager (Male) |
| 16:42 | Build | Farm |
| 17:18 | Build | Farm |
| 17:20 | Create | Villager (Male) |
| 17:32 | Build | Farm |
| 17:35 | Research | Stone Mining |
| 17:58 | Build | House |
| 18:02 | Build | House |
| 18:05 | Build | House |
| 18:09 | Build | House |
| 18:16 | Build | Farm |
| 18:29 | Build | Fish Trap |
| 18:38 | Build | Farm |
| 18:55 | Build | Farm |
| 19:10 | Research | Gold Mining |
| 19:16 | Create | Fishing Ship |
| 19:16 | Create | Fishing Ship |
| 19:17 | Create | Fishing Ship |
| 19:28 | Build | Fish Trap |
| 19:41 | Build | Fish Trap |
| 19:45 | Create | Fishing Ship |
| 20:00 | Build | Farm |
| 20:05 | Create | Villager (Male) |
| 20:05 | Create | Villager (Male) |
| 20:05 | Create | Villager (Male) |
| 20:13 | Create | Villager (Male) |
| 20:38 | Build | Farm |
| 20:46 | Create | Villager (Male) |
| 21:01 | Build | Lumber Camp |
| 21:25 | Build | Market |
| 21:36 | Build | Farm |
| 21:42 | Build | Farm |
| 21:46 | Create | Villager (Male) |
| 21:46 | Create | Villager (Male) |
| 21:55 | Create | Fishing Ship |
| 21:55 | Create | Fishing Ship |
| 22:01 | Build | Blacksmith |
| 22:21 | Build | Fish Trap |
| 22:31 | Build | Fish Trap |
| 22:43 | Build | Fish Trap |
| 22:52 | Build | Farm |
| 22:58 | Build | Farm |
| 23:02 | Research | Castle Age |
| 23:09 | Build | Farm |
| 23:27 | Build | Barracks |
| 23:43 | Research | Scale Mail Armor |
| 23:43 | Research | Forging |
| 23:49 | Research | Tech 906 |
| 24:51 | Build | Barracks |
| 24:55 | Build | Barracks |
| 25:02 | Create | Villager (Male) |
| 25:02 | Create | Villager (Male) |
| 25:02 | Create | Villager (Male) |
| 25:02 | Create | Villager (Male) |
| 25:30 | Build | Dock |
| 25:42 | Age | Castle Age |
| 25:46 | Create | Villager (Male) |
| 25:46 | Create | Villager (Male) |
| 25:53 | Build | Town Center |
| 25:59 | Research | Stone Shaft Mining |
| 26:03 | Research | Heavy Plow |
| 26:18 | Build | Castle |
| 26:29 | Build | Farm |
| 26:32 | Create | Fishing Ship |
| 26:33 | Create | Fishing Ship |
| 26:41 | Research | Gillnets |
| 26:46 | Create | Villager (Male) |
| 26:47 | Create | Villager (Male) |
| 26:47 | Create | Villager (Male) |
| 26:47 | Create | Villager (Male) |
| 26:55 | Research | Wheelbarrow |
| 26:56 | Research | Town Watch |
| 27:03 | Build | Farm |
| 27:15 | Build | Farm |
| 27:17 | Create | Villager (Male) |
| 27:17 | Create | Villager (Male) |
| 27:20 | Create | Villager (Male) |
| 28:06 | Build | Fish Trap |
| 28:22 | Build | Fish Trap |
| 28:28 | Build | Fish Trap |
| 28:39 | Build | Fish Trap |
| 28:54 | Build | Mining Camp |
| 29:02 | Research | Imperial Age |
| 29:07 | Research | Hand Cart |
Build order — HoundDog914030
First 150 of 239 actions detected
| 0:13 | Research | Loom |
| 0:19 | Build | House |
| 0:22 | Build | House |
| 1:02 | Build | Palisade Wall |
| 2:24 | Build | House |
| 2:26 | Build | House |
| 2:29 | Build | House |
| 3:54 | Create | Villager (Male) |
| 4:52 | Create | Villager (Male) |
| 5:13 | Create | Villager (Male) |
| 5:55 | Create | Villager (Male) |
| 6:01 | Create | Villager (Male) |
| 6:44 | Create | Villager (Male) |
| 6:54 | Create | Villager (Male) |
| 6:55 | Create | Villager (Male) |
| 7:09 | Build | House |
| 7:13 | Build | House |
| 7:31 | Create | Villager (Male) |
| 8:25 | Create | Villager (Male) |
| 8:25 | Create | Villager (Male) |
| 8:26 | Create | Villager (Male) |
| 8:38 | Build | Mill |
| 8:42 | Create | Villager (Male) |
| 9:42 | Create | Villager (Male) |
| 9:43 | Create | Villager (Male) |
| 9:43 | Create | Villager (Male) |
| 10:14 | Build | Lumber Camp |
| 10:28 | Create | Villager (Male) |
| 10:30 | Create | Villager (Male) |
| 11:19 | Build | House |
| 11:22 | Build | House |
| 11:56 | Build | Mill |
| 12:26 | Research | Feudal Age |
| 12:34 | Build | Mining Camp |
| 13:01 | Build | House |
| 13:05 | Build | House |
| 13:35 | Create | Villager (Male) |
| 14:26 | Create | Villager (Male) |
| 14:26 | Create | Villager (Male) |
| 14:27 | Create | Villager (Male) |
| 14:57 | Build | Building 665 |
| 15:26 | Build | Stone Wall |
| 15:37 | Build | Lumber Camp |
| 15:51 | Build | Market |
| 15:55 | Build | Blacksmith |
| 16:32 | Build | Mining Camp |
| 16:47 | Build | Stone Wall |
| 17:04 | Build | Stone Wall |
| 17:14 | Build | Mill |
| 17:23 | Create | Villager (Male) |
| 17:24 | Create | Villager (Male) |
| 17:50 | Research | Double-Bit Axe |
| 18:24 | Build | Barracks |
| 19:39 | Build | Stone Wall |
| 19:43 | Create | Villager (Male) |
| 20:16 | Build | Farm |
| 20:21 | Research | Castle Age |
| 21:00 | Build | Archery Range |
| 21:05 | Build | Archery Range |
| 21:14 | Build | Barracks |
| 21:45 | Build | Farm |
| 21:45 | Build | Farm |
| 21:45 | Build | Farm |
| 21:45 | Build | Farm |
| 21:52 | Build | Farm |
| 22:29 | Build | Farm |
| 22:44 | Build | Farm |
| 23:28 | Build | Town Center |
| 23:50 | Create | Villager (Male) |
| 23:50 | Create | Villager (Male) |
| 23:50 | Create | Villager (Male) |
| 24:15 | Build | Farm |
| 24:26 | Build | Farm |
| 25:13 | Build | Farm |
| 25:22 | Research | Wheelbarrow |
| 25:24 | Create | Villager (Male) ×5 |
| 25:34 | Research | Horse Collar |
| 25:54 | Research | Pikeman (upgrade) |
| 26:03 | Research | Crossbowman (upgrade) |
| 26:15 | Build | Siege Workshop |
| 26:20 | Create | Villager (Male) |
| 26:20 | Create | Villager (Male) |
| 26:20 | Create | Villager (Male) |
| 26:20 | Create | Villager (Male) |
| 26:20 | Create | Villager (Male) |
| 26:20 | Create | Villager (Male) |
| 26:51 | Build | Farm |
| 26:58 | Research | Bow Saw |
| 27:24 | Build | Mill |
| 27:33 | Create | Villager (Male) |
| 27:33 | Create | Villager (Male) |
| 27:48 | Research | Stone Mining |
| 27:54 | Create | Villager (Male) |
| 27:54 | Create | Villager (Male) |
| 28:05 | Create | Villager (Male) |
| 28:05 | Create | Villager (Male) |
| 28:11 | Build | Town Center |
| 28:20 | Build | Farm |
| 28:27 | Create | Villager (Male) |
| 28:27 | Create | Villager (Male) |
| 28:41 | Build | Farm |
| 28:57 | Build | Farm |
| 29:01 | Create | Villager (Male) |
| 29:01 | Create | Villager (Male) |
| 29:06 | Build | Lumber Camp |
| 29:17 | Research | Heavy Plow |
| 29:21 | Build | Farm |
| 29:39 | Build | Barracks |
| 29:47 | Build | Farm |
| 29:51 | Create | Villager (Male) |
| 29:51 | Create | Villager (Male) |
| 29:51 | Create | Villager (Male) |
| 30:16 | Create | Villager (Male) |
| 30:16 | Create | Villager (Male) |
| 30:16 | Create | Villager (Male) |
| 30:22 | Build | Mining Camp |
| 30:33 | Build | Lumber Camp |
| 30:43 | Build | Farm |
| 31:01 | Build | Farm |
| 31:04 | Research | Forging |
| 31:05 | Research | Scale Mail Armor |
| 31:06 | Research | Fletching |
| 31:06 | Research | Padded Archer Armor |
| 31:12 | Create | Iron Pagoda |
| 31:21 | Build | Siege Workshop |
| 31:27 | Build | Castle |
| 31:31 | Create | Villager (Male) |
| 31:31 | Create | Villager (Male) |
| 31:31 | Create | Villager (Male) |
| 31:31 | Create | Villager (Male) |
| 31:31 | Create | Villager (Male) |
| 31:31 | Create | Villager (Male) |
| 32:14 | Build | Lumber Camp |
| 32:20 | Build | University |
| 32:33 | Build | Farm |
| 32:35 | Build | Farm |
| 32:36 | Build | Farm |
| 32:42 | Build | Farm |
| 33:36 | Research | Imperial Age |
| 33:41 | Create | Villager (Male) |
| 33:41 | Create | Villager (Male) |
| 33:41 | Create | Villager (Male) |
| 33:48 | Build | Stable |
| 33:50 | Build | Stable |
| 33:52 | Build | Stable |
| 34:10 | Research | Squires |
| 34:12 | Create | Spearman ×5 |
| 34:32 | Build | Farm |
| 34:33 | Build | Farm |
| 34:33 | Build | Farm |
Build order — BattingBaton14
First 150 of 339 actions detected
| 0:02 | Create | Villager (Male) |
| 0:02 | Create | Villager (Male) |
| 0:03 | Create | Villager (Male) |
| 0:03 | Create | Villager (Male) |
| 0:04 | Build | House |
| 0:09 | Build | House |
| 0:11 | Build | House |
| 1:39 | Create | Villager (Male) |
| 2:14 | Build | Lumber Camp |
| 2:27 | Build | Palisade Wall |
| 2:33 | Research | Loom |
| 2:34 | Create | Villager (Male) |
| 2:39 | Create | Villager (Male) |
| 2:39 | Create | Villager (Male) |
| 3:19 | Build | Palisade Wall |
| 4:05 | Create | Villager (Male) |
| 4:05 | Create | Villager (Male) |
| 5:18 | Create | Villager (Male) |
| 5:18 | Create | Villager (Male) |
| 5:43 | Build | Palisade Wall |
| 5:55 | Build | House |
| 6:05 | Build | House |
| 6:10 | Create | Villager (Male) |
| 6:10 | Create | Villager (Male) |
| 6:30 | Create | Villager (Male) |
| 6:44 | Build | House |
| 7:07 | Create | Villager (Male) |
| 7:07 | Create | Villager (Male) |
| 7:45 | Build | House |
| 8:06 | Create | Villager (Male) |
| 8:33 | Create | Villager (Male) |
| 8:38 | Create | Villager (Male) |
| 8:44 | Create | Villager (Male) |
| 8:48 | Build | Mill |
| 9:31 | Build | Mill |
| 10:10 | Create | Villager (Male) |
| 10:45 | Create | Villager (Male) |
| 11:35 | Build | Mill |
| 11:37 | Create | Villager (Male) |
| 11:41 | Research | Feudal Age |
| 12:11 | Build | Lumber Camp |
| 13:18 | Create | Villager (Male) |
| 13:19 | Create | Villager (Male) |
| 13:19 | Create | Villager (Male) |
| 13:19 | Create | Villager (Male) |
| 13:34 | Build | Mill |
| 13:41 | Build | Mining Camp |
| 14:27 | Build | House |
| 14:29 | Build | House |
| 14:30 | Build | House |
| 14:32 | Build | House |
| 15:13 | Build | Market |
| 15:24 | Create | Villager (Male) |
| 15:50 | Create | Villager (Male) |
| 15:50 | Create | Villager (Male) |
| 16:03 | Build | Blacksmith |
| 16:40 | Research | Castle Age |
| 16:43 | Research | Wheelbarrow |
| 16:43 | Create | Villager (Male) |
| 17:35 | Build | Mining Camp |
| 19:13 | Research | Double-Bit Axe |
| 19:28 | Build | Town Center |
| 19:32 | Build | Town Center |
| 19:40 | Create | Villager (Male) |
| 19:49 | Build | Town Center |
| 20:09 | Build | Farm |
| 20:09 | Build | Farm |
| 20:09 | Build | Farm |
| 20:17 | Build | Farm |
| 20:27 | Build | Farm |
| 20:38 | Build | Farm |
| 20:50 | Build | Farm |
| 20:52 | Create | Villager (Male) |
| 20:52 | Create | Villager (Male) |
| 21:03 | Build | House |
| 21:07 | Create | Villager (Male) |
| 21:14 | Create | Villager (Male) |
| 21:21 | Build | House |
| 21:22 | Build | House |
| 21:22 | Build | House |
| 21:25 | Create | Villager (Male) |
| 21:26 | Create | Villager (Male) |
| 21:26 | Create | Villager (Male) |
| 21:26 | Create | Villager (Male) |
| 21:27 | Create | Villager (Male) |
| 21:42 | Build | Barracks |
| 21:47 | Build | House |
| 21:48 | Build | House |
| 21:58 | Create | Villager (Male) |
| 21:59 | Create | Villager (Male) |
| 21:59 | Create | Villager (Male) |
| 22:00 | Create | Villager (Male) |
| 22:00 | Create | Villager (Male) |
| 22:00 | Create | Villager (Male) |
| 22:07 | Build | Farm |
| 22:14 | Build | Farm |
| 22:20 | Build | Farm |
| 22:20 | Build | Farm |
| 22:32 | Build | Farm |
| 22:37 | Create | Villager (Male) |
| 22:56 | Research | Bow Saw |
| 23:01 | Create | Villager (Male) |
| 23:01 | Create | Villager (Male) |
| 23:02 | Create | Villager (Male) |
| 23:02 | Create | Villager (Male) |
| 23:02 | Create | Villager (Male) |
| 23:05 | Build | House |
| 23:06 | Build | House |
| 23:10 | Build | Monastery |
| 23:13 | Create | Villager (Male) |
| 23:29 | Build | Stable |
| 23:32 | Build | Stable |
| 23:35 | Create | Villager (Male) |
| 23:39 | Build | House |
| 23:40 | Build | House |
| 23:45 | Research | Horse Collar |
| 23:46 | Create | Villager (Male) |
| 23:48 | Create | Villager (Male) |
| 24:02 | Create | Villager (Male) |
| 24:02 | Create | Villager (Male) |
| 24:07 | Create | Villager (Male) |
| 24:15 | Build | Farm |
| 24:15 | Build | Farm |
| 24:15 | Build | Farm |
| 24:15 | Build | Farm |
| 24:16 | Build | Farm |
| 24:24 | Create | Villager (Male) |
| 24:29 | Create | Villager (Male) |
| 24:33 | Build | Farm |
| 24:34 | Build | Farm |
| 24:34 | Build | Farm |
| 24:34 | Build | Farm |
| 24:34 | Build | Farm |
| 24:35 | Build | Farm |
| 24:35 | Build | Farm |
| 24:35 | Build | Farm |
| 24:42 | Create | Villager (Male) |
| 24:42 | Create | Villager (Male) |
| 24:42 | Create | Villager (Male) |
| 24:45 | Create | Villager (Male) |
| 25:02 | Create | Villager (Male) |
| 25:04 | Build | Farm |
| 25:05 | Build | Farm |
| 25:05 | Build | Farm |
| 25:15 | Build | Farm |
| 25:16 | Create | Villager (Male) |
| 25:17 | Create | Villager (Male) |
| 25:20 | Create | Camel Scout |
| 25:24 | Create | Villager (Male) |
| 25:27 | Create | Monk |
Match timeline
| 1:02 | HoundDog914030 · wall_segment Palisade Wall x16 |
| 2:14 | gambier.nicolas2004 · wall_segment Palisade Wall x8 |
| 2:27 | BattingBaton14 · wall_segment Palisade Wall x9 |
| 2:51 | gambier.nicolas2004 · wall_segment Palisade Wall x9 |
| 3:19 | BattingBaton14 · wall_segment Palisade Wall x7 |
| 4:18 | Denisov · wall_segment Palisade Wall x12 |
| 5:43 | BattingBaton14 · wall_segment Palisade Wall x1 |
| 9:16 | Denisov · first_building Barracks |
| 11:09 | gambier.nicolas2004 · first_building Dock |
| 11:37 | gambier.nicolas2004 · age_up feudal |
| 11:49 | gambier.nicolas2004 · wall_segment Stone Wall x14 |
| 14:57 | gambier.nicolas2004 · wall_segment Stone Wall x12 |
| 15:03 | gambier.nicolas2004 · wall_segment Stone Wall x6 |
| 15:26 | HoundDog914030 · wall_segment Stone Wall x17 |
| 16:47 | HoundDog914030 · wall_segment Stone Wall x13 |
| 17:04 | HoundDog914030 · wall_segment Stone Wall x9 |
| 17:37 | Denisov · age_up feudal |
| 18:24 | HoundDog914030 · first_building Barracks |
| 19:39 | HoundDog914030 · wall_segment Stone Wall x9 |
| 19:39 | BattingBaton14 · first_market_buy 100 stone |
| 19:47 | HoundDog914030 · first_market_buy 100 food |
| 21:00 | HoundDog914030 · first_building Archery Range |
| 21:42 | BattingBaton14 · first_building Barracks |
| 23:10 | BattingBaton14 · first_building Monastery |
| 23:20 | Denisov · first_building Archery Range |
| 23:27 | gambier.nicolas2004 · first_building Barracks |
| 23:29 | BattingBaton14 · first_building Stable |
| 25:42 | gambier.nicolas2004 · age_up castle |
| 26:15 | HoundDog914030 · first_building Siege Workshop |
| 26:18 | gambier.nicolas2004 · first_building Castle |
| 27:48 | Denisov · age_up castle |
| 28:25 | BattingBaton14 · wall_segment Stone Wall x4 |
| 28:28 | BattingBaton14 · wall_segment Stone Wall x4 |
| 28:28 | BattingBaton14 · wall_segment Stone Wall x1 |
| 28:31 | BattingBaton14 · wall_segment Stone Wall x1 |
| 28:40 | BattingBaton14 · wall_segment Stone Wall x12 |
| 29:21 | gambier.nicolas2004 · first_building Monastery |
| 29:35 | gambier.nicolas2004 · wall_segment Stone Wall x7 |
| 30:30 | BattingBaton14 · first_building Castle |
| 30:48 | gambier.nicolas2004 · first_building Siege Workshop |
| 31:01 | BattingBaton14 · first_market_sell 100 wood |
| 31:27 | HoundDog914030 · first_building Castle |
| 32:12 | gambier.nicolas2004 · age_up imperial |
| 32:28 | HoundDog914030 · first_market_sell 100 wood |
| 33:48 | HoundDog914030 · first_building Stable |
| 35:05 | Denisov · first_building Castle |
| 35:07 | HoundDog914030 · wall_segment Stone Wall x18 |
| 35:25 | BattingBaton14 · first_building Archery Range |
| 36:17 | BattingBaton14 · first_building Siege Workshop |
| 44:50 | gambier.nicolas2004 · resign |
[ AI ANALYSIS · 1 CREDIT ]
What really happened in this match?
Wolo.gg analyzes every decision: build order, eco, micro, common mistakes by bracket. Personalized analysis on WhatsApp or Discord in 30 seconds.
Civ guide
Persians
Perfil
Jugador #974464